 Dungeon Sprint DCSS version 0.18-a0-1140-g8540535 (webtiles) character file.

58571 Kidiri the Unseen (level 13, -3/55 HPs)
             Began as a Spriggan Enchanter on Jan 21, 2016.
             Was the Champion of Dithmenos.
             Killed by the air
             ... invoked by Gastronok
              (23 damage)
             ... in the Dungeon (Sprint III: "The Ten Rune Challenge").
             The game lasted 00:14:26 (2863 turns).

Kidiri the Unseen (Spriggan Enchanter)              Turns: 2863, Time: 00:14:26

Health: -3/55      AC:  3    Str:  2    XL:     13   Next: 21%
Magic:  12/34      EV: 36    Int: 21    God:    Dithmenos [******]
Gold:   28         SH:  0    Dex: 21    Spells: 11 memorised, 8 levels left

rFire  . . .     SeeInvis +     a - +1 dagger
rCold  . . .     Gourm    .     b - +1 robe
rNeg   . . .     Faith    .     (shield restricted)
rPois  .         Spirit   .     (helmet restricted)
rElec  .         Dismiss  .     (no cloak)
rCorr  .         Reflect  .     (gloves unavailable)
SustAt .         Harm     .     (boots unavailable)
MR     ++...     NoTele   +     (no amulet)
Stlth  ++++++++++               (no ring)
                                (no ring)

@: shrouded (expiring), wreathed by umbra, very quick, very resistant to hostile
enchantments, uncannily stealthy
A: unfitting armour, see invisible, agile 2, deterioration 1, herbivore 3, speed
3, screaming 1, slow metabolism 2, weak 1
a: Shadow Step, Shadow Form, Renounce Religion
}: 2/10 runes: serpentine, barnacled


You were in the Dungeon.
You worshipped Dithmenos.
Dithmenos was exalted by your worship.
You were full.

You visited 1 branch You collected 28 gold pieces.

Inventory:

Hand Weapons
 a - a +1 dagger (weapon)
Armour
 b - a +1 robe (worn)
Wands
 l - a wand of magic darts (15/48)
Scrolls
 j - a scroll of blinking
 k - a scroll of enchant weapon
 n - a scroll of holy word {unknown}
 p - 3 scrolls of remove curse
 s - a scroll of immolation {unknown}
Potions
 c - a potion of berserk rage
 e - 2 potions of curing
 f - a potion of heal wounds
 g - a potion of haste
 h - a potion of magic
 q - 2 potions of cure mutation {unknown}
 r - 2 potions of might
 t - 2 potions of flight
 u - a potion of beneficial mutation {unknown}
Books
 o - a book of the Tempests

   Spells                             Type                      Level
   a - Static Discharge               Conjuration/Air              3
   b - Lightning Bolt                 Conjuration/Air              5
   c - Fireball                       Conjuration/Fire             5
   d - Tornado                        Air                          9
   e - Shatter                        Earth                        9
Comestibles
 d - a bread ration
 i - 32 royal jellies
 m - 6 fruits


   Skills:
 * Level 14.7 Short Blades
 * Level 18.4 Dodging
 * Level 20.0 Stealth
 * Level 16.1 Spellcasting
 + Level 7.3 Conjurations
 + Level 12.2 Hexes
 + Level 12.1 Charms
 + Level 12.2 Translocations
 + Level 8.2 Ice Magic
 + Level 7.5 Air Magic
 + Level 5.5 Earth Magic
 - Level 3.4 Invocations


You had 8 spell levels left.
You knew the following spells:

 Your Spells              Type           Power        Failure   Level  Hunger
a - Corona                Hex            ######.      1%          1    None
b - Ensorcelled Hibernat  Hex/Ice        ######       1%          2    None
c - Confuse               Hex            ######..     1%          3    None
d - Tukima's Dance        Hex            ######..     1%          3    None
e - Dazzling Spray        Conj/Hex       ######..     1%          3    None
f - Apportation           Tloc           ######....   1%          1    None
g - Shroud of Golubria    Chrm/Tloc      ######....   1%          2    None
h - Passage of Golubria   Tloc           N/A          1%          4    None
i - Static Discharge      Conj/Air       #####...     1%          3    None
j - Lightning Bolt        Conj/Air       #####.....   4%          5    ###....
k - Shatter               Erth           #####.....   100%        9    #######


Dungeon Overview and Level Annotations

Branches:
Dungeon (1/1)

Altars:
Cheibriados
Dithmenos
Elyvilon
Fedhas
Gozag
Kikubaaqudgha
Makhleb
Nemelex Xobeh
Okawaru
Pakellas
Qazlal
Ru
Sif Muna
Trog
Vehumet
Xom
Yredelemnul
Zin
The Shining One
Jiyva
Lugonu

Shops:
D %}[[}!

Annotations:
D Gastronok


Innate Abilities, Weirdness & Mutations

You are tiny and cannot use many weapons and most armour.
You have supernaturally acute eyesight.
You are a herbivore.
You cover ground extremely quickly.
You need consume almost no food.
You are very agile. (Dex +4)
Your body sometimes deteriorates upon taking damage.
You occasionally shout uncontrollably at your foes.
You are weak. (Str -2)


Message History

Gastronok looks at you and mumbles some strange words.
You resist with some effort.
Casting: Dazzling Spray
Confirm with . or Enter, or press ? or * to list all spells.
Aiming: Dazzling Spray
Press: ? - help, Shift-Dir - straight line, f/p - Gastronok
Aim: Gastronok, wearing a glowing hat (black smoke, lightly wounded, umbra)
The spray of energy hits Gastronok.
Gastronok is lightly wounded.
Your shroud begins to fray at the edges.
Casting: Dazzling Spray
Confirm with . or Enter, or press ? or * to list all spells.
Aiming: Dazzling Spray
Press: ? - help, Shift-Dir - straight line, f/p - Gastronok
Aim: Gastronok, wearing a glowing hat (black smoke, lightly wounded, umbra)
The spray of energy hits Gastronok.
Gastronok is moderately wounded.
Gastronok waves his eye-stalks in wide circles.
The air twists around and strikes you!
You die...

#..# #..#####....#___#__
▓▓▓▓▓▓▓▓▓▓▓▓▓▓▓▓▓▓▓▓▓▓▓▓
▓.Y.+≈.≈≈≈§≈≈.♣♣.....♣♣♣
▓Y.P#≈≈≈§§≈≈≈≈♣♣.≈≈≈≈+♣♣
▓.PP#≈≈§§§≈≈≈≈≈'.%.%%#.≈
▓.YP#.≈≈≈≈§≈≈≈♣♣♣♣♣♣♣#..
..?#≈≈≈≈§§§≈≈♣ ###
▓##'####+#######♣ ♣♣♣♣
▓..Yww§@§§§.)...♣♣ ♣...
▓#+#############+♣ ♣♣.#
...#≈P...÷......♣ ♣..
▓...+≈≈.÷÷########♣♣ ♣♣.
▓JJ.#≈≈≈......(..PP♣ ♣♣.
▓JJ.#≈≈≈≈..%PP....P♣ ♣..
#+#############+########
▓≈(≈≈≈≈≈≈≈ ▓≈≈%≈≈≈≈≈≈


You could see Gastronok.

Vanquished Creatures
  Rupert (D)
  Polyphemus (D)
  A greater naga (D)
  Ilsuiw (D)
  Maud (D)
  2 dire elephants (D)
  Snorg (D)
  A merfolk javelineer (D)
  2 hydras (D)
  A naga warrior (D)
  A centaur warrior (D)
  4 death yaks (D)
  2 anacondas (D)
  A sea snake (D)
  2 unseen horrors (D)
  A spriggan druid (D)
  A death drake (D)
  A lindwurm (D)
  A deep elf mage (D)
  A guardian serpent (D)
  5 black mambas (D)
  2 spiny frogs (D)
  A komodo dragon (D)
  A fire drake (D)
  3 wandering mushrooms (D)
  2 giant leeches (D)
  A queen bee (D)
  8 blink frogs (D)
  2 spriggans (D)
  A shadow (D)
  3 redbacks (D)
  A spatial vortex (D)
  2 nagas (D)
  8 water moccasins (D)
  A swamp drake (D)
  A necrophage (D)
  2 centaurs (D)
  An earth elemental (D)
  A water elemental (D)
  32 killer bees (D)
  An electric eel (D)
  A wizard (D)
  A jelly (D)
  Jessica (D)
  A necromancer (D)
  A wolf (D)
  3 sheep (D)
  3 humans (D)
  A kobold demonologist (D)
  4 adders (D)
  3 rats (D)
125 creatures vanquished.

Vanquished Creatures (others)
  2 draconian scorchers (D)
  2 yaktaurs (D)
  A plant (D)
5 creatures vanquished.

Grand Total: 130 creatures vanquished

Notes
Turn   | Place    | Note
--------------------------------------------------------------
     0 | D        | Kidiri the Spriggan Enchanter began the quest for the Orb.
     0 | D        | Reached XP level 1. HP: 9/9 MP: 5/5
    27 | D        | Noticed Jessica
    31 | D        | Killed Jessica
    31 | D        | Reached skill level 5 in Dodging
    31 | D        | Reached skill level 6 in Stealth
    31 | D        | Reached XP level 2. HP: 13/13 MP: 6/8
    37 | D        | Learned a level 2 spell: Ensorcelled Hibernation
    76 | D        | Noticed a wolf
    79 | D        | Killed a wolf
    79 | D        | Reached XP level 3. HP: 16/16 MP: 10/10
    90 | D        | Reached skill level 5 in Spellcasting
    90 | D        | Reached XP level 4. HP: 17/21 MP: 2/12
    95 | D        | Learned a level 3 spell: Confuse
    99 | D        | Learned a level 3 spell: Dazzling Spray
   103 | D        | Learned a level 3 spell: Tukima's Dance
   118 | D        | Gained mutation: You are agile. (Dex +2) [potion of mutation]
   118 | D        | Gained mutation: Your body sometimes deteriorates upon taking damage. [potion of mutation]
   119 | D        | Gained mutation: You are very agile. (Dex +4) [potion of mutation]
   119 | D        | Gained mutation: You occasionally shout uncontrollably at your foes. [potion of mutation]
   119 | D        | Gained mutation: You are weak. (Str -2) [potion of mutation]
   171 | D        | Noticed a water elemental
   173 | D        | Killed a water elemental
   173 | D        | Reached skill level 7 in Stealth
   173 | D        | Reached skill level 5 in Hexes
   173 | D        | Reached skill level 1 in Ice Magic
   183 | D        | Noticed a shadow
   208 | D        | Killed a shadow
   208 | D        | Reached skill level 8 in Dodging
   208 | D        | Reached skill level 9 in Stealth
   208 | D        | Reached skill level 1 in Conjurations
   208 | D        | Reached XP level 5. HP: 24/24 MP: 1/15
   208 | D        | Reached XP level 6. HP: 28/28 MP: 1/17
   260 | D        | Killed a yaktaur
   321 | D        | Found an oddly glowing altar of Pakellas.
   321 | D        | Found a stormy altar of Qazlal.
   322 | D        | Found a sacrificial altar of Ru.
   322 | D        | Found a burning altar of Makhleb.
   322 | D        | Found a viscous altar of Jiyva.
   322 | D        | Found a shimmering altar of Xom.
   322 | D        | Found a shadowy altar of Dithmenos.
   322 | D        | Found a sparkling altar of Nemelex Xobeh.
   322 | D        | Found a corrupted altar of Lugonu.
   322 | D        | Found an opulent altar of Gozag.
   322 | D        | Noticed a spatial vortex
   324 | D        | Killed a white draconian scorcher
   326 | D        | Became a worshipper of Dithmenos the Shadowed
   331 | D        | Killed a spatial vortex
   331 | D        | Reached skill level 10 in Stealth
   331 | D        | Reached skill level 1 in Invocations
   353 | D        | Found a radiant altar of Vehumet.
   354 | D        | Found a deep blue altar of Sif Muna.
   354 | D        | Found an ancient bone altar of Kikubaaqudgha.
   358 | D        | Noticed a red devil
   372 | D        | Learned a level 1 spell: Apportation
   375 | D        | Learned a level 2 spell: Shroud of Golubria
   380 | D        | Learned a level 4 spell: Passage of Golubria
   485 | D        | Found a glowing silver altar of Zin.
   486 | D        | Found a glowing golden altar of the Shining One.
   486 | D        | Found a white marble altar of Elyvilon.
   486 | D        | Noticed a deep elf mage
   488 | D        | Killed a deep elf mage
   488 | D        | Reached * piety under Dithmenos
   488 | D        | Reached skill level 10 in Dodging
   488 | D        | Reached skill level 11 in Stealth
   488 | D        | Reached XP level 7. HP: 32/32 MP: 18/20
   500 | D        | Found an iron altar of Okawaru.
   501 | D        | Found a bloodstained altar of Trog.
   501 | D        | Noticed a human
   501 | D        | Noticed a human
   503 | D        | Killed a human
   503 | D        | Reached XP level 8. HP: 36/36 MP: 20/22
   504 | D        | Reached skill level 12 in Stealth
   518 | D        | Found a snail-covered altar of Cheibriados.
   530 | D        | Reached ** piety under Dithmenos
   531 | D        | Found a basalt altar of Yredelemnul.
   531 | D        | Found a blossoming altar of Fedhas.
   559 | D        | Learned a level 3 spell: Static Discharge
   594 | D        | Killed a white draconian scorcher
   671 | D        | Noticed Snorg
   673 | D        | Killed Snorg
   673 | D        | Reached skill level 13 in Stealth
   673 | D        | Reached skill level 10 in Spellcasting
   673 | D        | Reached skill level 5 in Charms
   673 | D        | Reached skill level 5 in Translocations
   673 | D        | Reached skill level 1 in Air Magic
   673 | D        | Reached XP level 9. HP: 38/38 MP: 22/24
   694 | D        | Noticed a centaur warrior
   698 | D        | Killed a centaur warrior
   701 | D        | Reached *** piety under Dithmenos
   730 | D        | Learned a level 5 spell: Lightning Bolt
   780 | D        | Noticed an unseen horror
   780 | D        | Noticed an unseen horror
   782 | D        | Killed an unseen horror
   782 | D        | Reached skill level 10 in Short Blades
   782 | D        | Reached skill level 14 in Stealth
   782 | D        | Reached skill level 5 in Ice Magic
   784 | D        | Killed an unseen horror
   794 | D        | Noticed a queen bee
   800 | D        | Reached **** piety under Dithmenos
   807 | D        | Killed a queen bee
   807 | D        | Reached XP level 10. HP: 41/43 MP: 18/26
   821 | D        | Reached ***** piety under Dithmenos
  1095 | D        | Reached skill level 15 in Stealth
  1252 | D        | Reached ****** piety under Dithmenos
  1570 | D        | Reached skill level 5 in Conjurations
  1605 | D        | Noticed a spiny frog
  1605 | D        | Noticed a spiny frog
  1608 | D        | Killed a spiny frog
  1622 | D        | Killed a spiny frog
  1704 | D        | Reached skill level 16 in Stealth
  1710 | D        | Noticed a lindwurm
  1713 | D        | Killed a lindwurm
  1713 | D        | Reached XP level 11. HP: 47/47 MP: 22/28
  1722 | D        | Noticed Maud
  1724 | D        | Killed Maud
  1724 | D        | Reached skill level 15 in Dodging
  1724 | D        | Reached skill level 10 in Hexes
  1724 | D        | Reached skill level 5 in Air Magic
  1737 | D        | Learned a level 9 spell: Shatter
  1750 | D        | Noticed a four-headed hydra
  1750 | D        | Noticed a four-headed hydra
  1767 | D        | Killed a four-headed hydra
  1780 | D        | Killed a four-headed hydra
  1780 | D        | Reached skill level 17 in Stealth
  1780 | D        | Reached skill level 1 in Earth Magic
  1847 | D        | Noticed a death drake
  1849 | D        | Killed a death drake
  1859 | D        | Found a blossoming altar of Fedhas.
  1859 | D        | Noticed a spriggan druid
  1861 | D        | Killed a spriggan druid
  1916 | D        | Noticed an anaconda
  1916 | D        | Noticed an anaconda
  1930 | D        | Killed an anaconda
  1930 | D        | Reached skill level 10 in Charms
  1932 | D        | Killed an anaconda
  1932 | D        | Reached skill level 10 in Translocations
  2172 | D        | Noticed a naga warrior
  2172 | D        | Noticed a greater naga
  2172 | D        | Found Zarot's Antique Armour Shop.
  2172 | D        | Found Litredo's Gadget Shoppe.
  2173 | D        | Reached skill level 18 in Stealth
  2173 | D        | Reached XP level 12. HP: 51/51 MP: 26/31
  2174 | D        | Found Qulasch's Distillery.
  2175 | D        | Killed a naga warrior
  2176 | D        | Killed a greater naga
  2208 | D        | Got a serpentine rune of Zot
  2378 | D        | Noticed Rupert
  2383 | D        | Killed Rupert
  2383 | D        | Reached skill level 15 in Spellcasting
  2407 | D        | Noticed a death yak
  2408 | D        | Noticed a death yak
  2411 | D        | Noticed a death yak
  2415 | D        | Killed a death yak
  2416 | D        | Noticed a death yak
  2420 | D        | Killed a death yak
  2420 | D        | Reached skill level 19 in Stealth
  2432 | D        | Killed a death yak
  2436 | D        | Killed a death yak
  2635 | D        | Noticed an azure jelly
  2635 | D        | Noticed an azure jelly
  2687 | D        | Noticed Polyphemus
  2696 | D        | Killed Polyphemus
  2696 | D        | Reached skill level 5 in Earth Magic
  2729 | D        | Noticed Ilsuiw
  2731 | D        | Killed Ilsuiw
  2731 | D        | Reached XP level 13. HP: 55/55 MP: 28/33
  2737 | D        | Found Qudojymu's Food Shoppe.
  2737 | D        | Found Jegeh's Gadget Boutique.
  2737 | D        | Found Gottikhe's Antique Armour Emporium.
  2737 | D        | Noticed a merfolk javelineer
  2747 | D        | Killed a merfolk javelineer
  2766 | D        | Got a barnacled rune of Zot
  2836 | D        | Noticed an azure jelly
  2836 | D        | Noticed an azure jelly
  2837 | D        | Noticed a dire elephant
  2837 | D        | Noticed a dire elephant
  2837 | D        | Noticed Gastronok
  2853 | D        | Killed a dire elephant
  2858 | D        | Killed a dire elephant
  2858 | D        | Reached skill level 20 in Stealth
  2863 | D        | Killed from afar by Gastronok

Vault maps used:
D:        dungeon_sprint_mu

Action                   |  1- 3 |  4- 6 |  7- 9 | 10-12 | 13-15 || total
-------------------------+-------+-------+-------+-------+-------++-------
Melee: Dagger            |    10 |    19 |    31 |   186 |    14 ||   260
 Cast: Ensorcelled Hiber |     4 |       |     4 |    62 |       ||    70
       Dazzling Spray    |       |     4 |     8 |    23 |     8 ||    43
       Confuse           |       |       |     2 |     4 |       ||     6
       Corona            |       |       |     1 |       |       ||     1
       Static Discharge  |       |       |     9 |    10 |       ||    19
       Shroud of Golubri |       |       |       |       |     1 ||     1
Invok: Shadow Step       |       |       |       |    11 |     2 ||    13
Evoke: Wand              |       |       |     1 |       |       ||     1
  Use: Potion            |       |     3 |     1 |     1 |       ||     5
       Scroll            |       |     3 |       |       |       ||     3
 Stab: Sleeping          |     6 |     3 |     8 |    63 |     2 ||    82
       Invisible         |       |     1 |     1 |     8 |     5 ||    15
       Confused          |       |       |     1 |     1 |       ||     2
  Eat: Bread ration      |       |       |       |     1 |       ||     1
